 Dungeon Crawl Stone Soup version 0.26.0-16-gc1dbca0489 (webtiles) character file.

Game seed: 2241529222262531625

1621 kaeus the Skirmisher (level 8, -9/64 HPs)
             Began as a Demonspawn Fighter on Jan 21, 2021.
             Was a Follower of Makhleb.
             Mangled by an orc warrior
             ... wielding a +0 trident
              (17 damage)
             ... on level 8 of the Dungeon.
             The game lasted 00:12:03 (7086 turns).

kaeus the Skirmisher (Demonspawn Fighter)           Turns: 7086, Time: 00:12:03

Health: -9/64      AC: 10    Str: 18    XL:     8   Next: 64%
Magic:  0/19       EV:  5    Int: 11    God:    Makhleb [*.....]
Gold:   344        SH: 10    Dex: 12    Spells: 7/7 levels left

rFire    . . .     SeeInvis .   a - +0 war axe
rCold    . . .     Faith    .   c - +0 kite shield
rNeg     . . .     Spirit   +   o - +0 chain mail
rPois    .         Reflect  .   (no helmet)
rElec    .         Harm     .   (no cloak)
rCorr    .         Rampage  .   (no gloves)
Will     .....                  (no boots)
Stlth    ..........             m - amulet of guardian spirit
HPRegen  0.20/turn              n - ring of magical power
MPRegen  0.16/turn              s - ring of stealth

@: slowed, very slow
A: claws 2, sharp scales 1
a: Renounce Religion


You were on level 8 of the Dungeon.
You worshipped Makhleb.
Makhleb was aware of your devotion.
You visited 1 branch of the dungeon, and saw 8 of its levels.

You collected 344 gold pieces.

Inventory:

Hand Weapons
 a - a +0 war axe (weapon)
Armour
 c - a +0 kite shield (worn)
 o - a +0 chain mail (worn)
Jewellery
 m - an amulet of guardian spirit (around neck)
 n - a ring of magical power (left claw)
 s - a ring of stealth (right claw)
 u - an uncursed amulet of regeneration {unknown}
 H - a cursed ring of teleportation {unknown}
 I - an uncursed amulet of regeneration {unknown}
Wands
 y - a wand of acid (5)
 C - a wand of paralysis (8)
 E - a wand of disintegration (9)
 F - a wand of polymorph (6)
Scrolls
 e - 3 scrolls of enchant weapon {unknown}
 g - 3 scrolls of amnesia {unknown}
 k - 4 scrolls of blinking {unknown}
 l - 8 scrolls of identify {unknown}
 p - 6 scrolls of remove curse {unknown}
 r - 2 scrolls of enchant armour {unknown}
 t - 2 scrolls of fear {unknown}
 A - a scroll of fog {unknown}
 B - a scroll of random uselessness {unknown}
 D - a scroll of magic mapping {unknown}
Potions
 b - 3 potions of flight {unknown}
 d - a potion of might
 f - 2 potions of heal wounds {unknown}
 h - 4 potions of lignification {unknown}
 i - a potion of attraction {unknown}
 j - 2 potions of invisibility
 q - 2 potions of magic {unknown}
 v - 4 potions of berserk rage {unknown}
 w - a potion of ambrosia {unknown}
 x - 4 potions of curing {unknown}
 z - a potion of mutation {unknown}
 G - 3 potions of haste {unknown}


   Skills:
 + Level 6.0 Fighting
 + Level 4.9 Axes
 + Level 5.4 Armour
 + Level 5.4 Shields
 + Level 3.0 Invocations
 + Level 2.1 Evocations


You had 7 spell levels left.
You didn't know any spells.
Your spell library contained the following spells:

 Spells                   Type           Power        Failure   Level
 Freeze                   Ice            0%           100%        1
 Frozen Ramparts          Ice            0%           100%        3
 Ozocubu's Armour         Ice            0%           100%        3
 Hailstorm                Conj/Ice       0%           100%        4
 Summon Ice Beast         Ice/Summ       0%           100%        4


Dungeon Overview and Level Annotations

Branches:
Dungeon (8/15)             Temple (0/1) D:6
   Lair: D:8-11

Altars:
Dithmenos
Elyvilon
Gozag
Makhleb
Nemelex Xobeh
Ru
Trog
Uskayaw


Innate Abilities, Weirdness & Mutations

You have very sharp fingernails.
You are partially covered in razor-sharp scales. (AC +1, Slay +1)


Message History

The orc warrior hits you from afar with a +0 trident!
You barely miss the orc wizard.
The orc wizard is moderately wounded.
The orc wizard mumbles some strange words.
The orc wizard blinks!
You block the orc warrior's attack.
The orc warrior hits you but does no damage.
The orc wizard casts a spell.
The orc wizard blinks!
The orc wizard closely misses you.
The orc wizard hits you but does no damage.
The orc warrior completely misses you.
Your chain mail prevents you from hitting the orc wizard.
The orc wizard is lightly wounded.
The orc wizard hits you but does no damage.
The orc wizard mumbles some strange words.
The orc wizard blinks!
You block the orc warrior's attack.
The orc warrior hits you with a +0 trident!!
* * * LOW HITPOINT WARNING * * *
The orc warrior hits you with a +0 trident!!
You die...

... #..))...'.........
....##...)...#.........
............###'####...
....##o.######....##...
... #..##..##††...#...
.. ##.......#.....#...
#§.......#.....#...
+........#..)..#...
##@.######.....#...
#o)# #....##... #....
#....##... #......
#.... +.......# +....
#.......# #....
#..##..## ##... #..#
..# #... #...


You could see an orc warrior (strong) and an orc wizard (fast).

Vanquished Creatures
  Eustachio (D:6)
  An ogre (D:6)
  A phantom (D:7)
  3 centaurs
  A necrophage (D:7)
  3 bullfrogs
  A water moccasin zombie (D:5)
  A scorpion (D:7)
  5 hounds
  Crazy Yiuf (D:3)
  4 centaur skeletons
  An orc wizard (D:6)
  An iguana (D:6)
  3 worker ants
  A hound zombie (D:5)
  A hound skeleton (D:3)
  A mummy (D:4)
  4 adders
  3 gnolls (D:4)
  2 shadow imps
  3 white imps
  2 oozes
  An adder skeleton (D:4)
  3 worms
  2 leopard geckos
  13 orcs
  A ball python (D:4)
  3 giant cockroaches
  11 goblins
  8 hobgoblins
  4 jackals (D:4)
  6 kobolds
  6 quokkas
  5 bats
  6 frilled lizards
  A goblin zombie (D:4)
  A kobold zombie (D:4)
  A leopard gecko skeleton (D:4)
  A quokka skeleton (D:4)
  6 rats
123 creatures vanquished.

Notes
Turn   | Place    | Note
-------+----------+-------------------------------------------
     0 | D:1      | kaeus the Demonspawn Fighter began the quest for the Orb.
     0 | D:1      | Reached XP level 1. HP: 18/18 MP: 1/1
   108 | D:1      | Gained mutation: You have sharp fingernails. [demonic
                  | ancestry]
   108 | D:1      | Reached XP level 2. HP: 15/24 MP: 2/2
   436 | D:1      | Gained mutation: You are partially covered in razor-sharp
                  | scales. (AC +1, Slay +1) [demonic ancestry]
   436 | D:1      | Reached XP level 3. HP: 29/29 MP: 3/3
   968 | D:2      | Found a sacrificial altar of Ru.
   977 | D:2      | Became a worshipper of Ru the Awakened
  1520 | D:3      | Gained mutation: You have very sharp fingernails. [demonic
                  | ancestry]
  1520 | D:3      | Reached XP level 4. HP: 35/35 MP: 4/4
  2117 | D:3      | Found a runed translucent door.
  2118 | D:3      | Noticed Crazy Yiuf
  2133 | D:3      | Killed Crazy Yiuf
  2483 | D:3      | Reached XP level 5. HP: 41/42 MP: 5/5
  2486 | D:3      | Found a bloodstained altar of Trog.
  2689 | D:4      | Reached skill level 4 in Fighting
  2814 | D:4      | Found a sand-covered staircase.
  2998 | D:4      | Found a sparkling altar of Nemelex Xobeh.
  3052 | D:4      | Reached XP level 6. HP: 41/48 MP: 6/6
  3366 | D:4      | You fall into a shaft and drop 1 floor!
  3366 | D:5      | Entered Level 5 of the Dungeon
  3510 | D:5      | Found a hide-covered altar of Uskayaw.
  3765 | D:4      | Found a shadowy altar of Dithmenos.
  4503 | D:5      | Reached XP level 7. HP: 44/55 MP: 7/7
  5206 | D:6      | Reached skill level 5 in Fighting
  5213 | D:6      | Found a staircase to the Ecumenical Temple.
  5411 | D:6      | Noticed Eustachio
  5492 | D:6      | Killed Eustachio
  5716 | D:6      | Found a burning altar of Makhleb.
  5727 | D:6      | Fell from the grace of Ru
  5727 | D:6      | Became a worshipper of Makhleb the Destroyer
  5844 | D:6      | Reached skill level 5 in Shields
  5852 | D:6      | Reached XP level 8. HP: 48/63 MP: 8/8
  5855 | D:6      | Reached skill level 5 in Armour
  6013 | D:6      | Found a white marble altar of Elyvilon.
  6177 | D:7      | Reached skill level 1 in Invocations
  6185 | D:7      | Reached skill level 1 in Evocations
  6435 | D:7      | Found an opulent altar of Gozag.
  6483 | D:7      | Found a sacrificial altar of Ru.
  6915 | D:8      | Reached skill level 6 in Fighting
  7077 | D:8      | Reached * piety under Makhleb
  7086 | D:8      | Mangled by an orc warrior

Illustrated notes

Levels and vault maps discovered:
D:1:      dpeg_arrival_erosion, layout_basic, minmay_misc_feat_x,
          nrook_campfire, corexii_corridor_pit
D:2:      layout_basic, nicolae_ru_sacrificial_ziggurat
D:3:      layout_loops_ring, marbit_many_paths, chequers_serial_rivers_room_b,
          uniq_crazy_yiuf_cottage
D:4:      layout_layer_cave, lemuel_coloured_pillars_altar,
          general_overflow_altar, nicolae_ossuary_entry_giza
D:5:      layout_layer_cave, eat_drink_and_be_merry_uskayaw
D:6:      layout_loops_ring, elyvilon_altar_3, nicolae_overflow_crystal_walls,
          minmay_temple_entry_large_hall, st_stairs_13, item_on_display_a,
          uniq_eustachio
D:7:      layout_rooms, grunt_gozag_statues, kennysheep_mini_moat
D:8:      layout_gridville

Skill      XL: |  1  2  3  4  5  6  7  8 |
---------------+-------------------------+-----
Axes           | 2 3 4 |  4.9
Armour         | 3 4 5 |  5.4
Shields        | 3 4 5 |  5.4
Fighting       | 4 5 6 |  6.0
Invocations    | 3 |  3.0
Evocations     | 2 |  2.1

Action                   |  1- 3 |  4- 6 |  7- 9 || total
-------------------------+-------+-------+-------++-------
Melee: War axe           |    95 |   194 |   221 ||   510
Invok: Reject Sacrifices |       |     1 |       ||     1
Armor: Scale mail        |    44 |       |       ||    44
       Chain mail        |       |   133 |   156 ||   289
Dodge: Dodged            |    25 |    36 |    47 ||   108
Block: Kite shield       |    39 |   115 |   137 ||   291
